cohdb
Replays
Latest Replays
All Replays
Popular Replays
Top Player Replays
Match Explorer
How It Works
Community
CoH3 Stats
Reddit
Sign in to upload your games and track your stats! →
Sign in with Steam
Match 44589007
Unlisted
Match 44589007
Overview
Messages
Build Orders
End
Engineer Squad
Construct Barracks
Selects Advanced Infantry Battlegroup
Selects Advanced Infantry Battlegroup
1⁄4-ton 4x4 Truck
Riflemen Squad
Riflemen Squad
Riflemen Squad
Construct Medical Station
Infantry Support Center
Scout Squad
.30 cal Machine Gun
Advanced Logistics
Construct Motor Pool
M8 Greyhound Armored Car
Grenade Package
M1 Anti-tank Gun Team
M24 Chaffee Light Tank
Selects Artillery Observers
Selects Convert to Ranger Squad
Selects Designate Assault Position
Selects M2A1 105mm Howitzer Emplacement
Convert to Ranger Squad
M1 Anti-tank Gun Team
Selects Infantry Assault
M24 Chaffee Light Tank
[THT] Thusanai
咚咚锵个腿
0
0
Comments
sign in to comment!
No comments posted yet!